Philadelphia Flyers vs Arizona Coyotes

Created - lundi 5 novembre 2018 at 19:00

Goals
1 2 3 T
Philadelphia Flyers 2 2 2 6
Arizona Coyotes 0 2 0 2
Shots
1 2 3 T
Philadelphia Flyers 9 8 10 27
Arizona Coyotes 5 25 3 33

1st period

1. Philadelphia Flyers , Ryan McDonagh 2 (Ivan Provorov 2, Claude Giroux 14) at 0:16
2. Philadelphia Flyers , Brandon Sutter 3 (Jordan Weal 3) at 6:02

Penalties :
Johnny Boychuk (ARI) for Hooking (Minor) at 16:32

2nd period

3. Arizona Coyotes , Jordan Martinook 2 (Jamie McGinn 2, Martin Hanzal 2) at 2:35
4. Arizona Coyotes , Anthony Duclair 5 (Dylan Strome 4) at 4:55
5. Philadelphia Flyers , Brandon Sutter 4 (Brian Gionta 1) at 12:16
6. Philadelphia Flyers , Brandon Sutter 5 (Jordan Weal 4, Zdeno Chara 3) at 13:09

Penalties :
No Penalty

3rd period

7. Philadelphia Flyers , Wayne Simmonds 5 (Sean Couturier 10, Travis Konecny 2) at 6:40
8. Philadelphia Flyers , Ryan McDonagh 3 (Ivan Provorov 3, Sean Couturier 11) at 12:15 (PP)

Penalties :
Tomas Hertl (ARI) for Hooking (Minor) at 11:54, Zdeno Chara (PHI) for Interference (Minor) at 13:02, Dylan Strome (ARI) for Delaying the game (Minor) at 15:22

Goalie Stats

Henrik Lundqvist (PHI), 31 saves from 33 shots - (0.939), W, 7-4-1, 60:00 minutes
Devan Dubnyk (ARI), 9 saves from 13 shots - (0.692), L, 6-3-1, 33:09 minutes
Louis Domingue (ARI), 12 saves from 14 shots - (0.857), 26:51 minutes

Players Stats for Philadelphia Flyers

Player Name              G  A  P  +/- PIM S  H  SB GA TA FO     MP     PP MP  PK MP  
------------------------------------------------------------------------------------
Brandon Manning          0  0  0  -1  0   1  1  1  0  0  0/0    20:25   2:17   0:45 
Brandon Sutter           3  0  3   1  0   4  1  0  0  0  6/11   15:59   1:49   1:01 
Brenden Dillon           0  0  0   2  0   0  3  0  0  0  0/0    20:11   0:00   0:45 
Brian Gionta             0  1  1   1  0   0  2  1  0  0  0/0    13:05   0:08   0:00 
Claude Giroux            0  1  1   1  0   1  0  0  0  0  7/13   15:54   2:24   0:00 
Ivan Provorov            0  2  2   2  0   2  0  1  2  0  0/0    20:15   2:02   1:14 
Jacob de la Rose         0  0  0   0  0   2  3  2  0  0  0/1    13:28   0:08   0:00 
Jakub Voracek            0  0  0   1  0   2  0  1  1  0  1/1    15:07   1:49   0:00 
Jordan Weal              0  2  2   1  0   0  3  0  0  0  0/0    12:54   0:00   0:00 
Michael Raffl            0  0  0   0  0   2  2  1  2  0  0/0    14:25   0:00   0:58 
Nolan Patrick            0  0  0   0  0   2  1  1  2  0  6/13   13:17   0:00   0:00 
Pavel Buchnevich         0  0  0   1  0   0  0  1  1  0  0/2    13:18   0:00   0:00 
Robert Hagg              0  0  0   2  0   0  1  1  0  1  0/0    19:05   0:00   0:00 
Ryan McDonagh            2  0  2   2  0   2  1  0  0  1  0/0    20:15   2:02   1:14 
Sean Couturier           0  2  2   1  0   4  0  0  1  0  8/15   17:36   2:28   0:58 
Travis Konecny           0  1  1   1  0   1  1  0  0  0  0/0    15:40   1:49   0:00 
Wayne Simmonds           1  0  1   1  0   4  0  0  3  0  0/1    17:23   2:22   1:01 
Zdeno Chara              0  1  1  -1  2   0  2  3  0  0  0/0    19:43   2:17   0:00 

Players Stats for Arizona Coyotes

Player Name              G  A  P  +/- PIM S  H  SB GA TA FO     MP     PP MP  PK MP  
------------------------------------------------------------------------------------
Adam Clendening          0  0  0  -3  0   0  0  1  0  0  0/0    17:02   0:00   1:13 
Alex Goligoski           0  0  0  -2  0   0  1  2  0  0  0/0    24:21   1:08   2:20 
Anthony Duclair          1  0  1   2  0   3  4  0  0  0  0/1    15:07   0:00   1:50 
Brad Richardson          0  0  0   0  0   3  1  0  0  0  0/0    11:03   0:00   1:50 
Christian Fischer        0  0  0   0  0   3  2  2  1  1  0/1    16:31   0:56   0:00 
Dylan Strome             0  1  1   2  2   0  0  0  0  1  7/14   13:25   0:00   0:05 
Jakob Chychrun           0  0  0  -2  0   3  0  1  0  2  0/0    22:41   1:08   0:19 
Jamie McGinn             0  1  1   0  0   5  5  0  0  1  0/2    17:06   0:56   0:31 
Johnny Boychuk           0  0  0   2  2   1  3  0  0  1  0/0    19:05   0:51   1:14 
Jordan Martinook         1  0  1   2  0   4  1  0  0  0  0/0    13:37   0:00   0:17 
Leon Draisaitl           0  0  0  -5  0   2  1  2  1  1  10/22  18:49   1:03   2:12 
Luke Schenn              0  0  0  -3  0   1  0  2  0  2  0/0    17:35   0:00   2:05 
Martin Hanzal            0  1  1   0  0   2  3  0  0  0  12/17  16:31   0:56   0:00 
Max Domi                 0  0  0  -5  0   1  2  0  0  1  0/0    18:49   1:03   2:12 
Nick Cousins             0  0  0   0  0   2  1  0  0  0  0/0     9:12   0:00   0:00 
Peter Holland            0  0  0   0  0   1  0  0  0  0  0/0     9:12   0:00   0:00 
Thomas Hickey            0  0  0   2  0   0  0  3  0  1  0/0    18:56   0:51   1:08 
Tomas Hertl              0  0  0  -5  2   2  1  0  0  1  0/0    16:36   1:03   0:00 

3 Stars

1 - Brandon Sutter (PHI)
2 - Ryan McDonagh (PHI)
3 - Jordan Weal (PHI)

Power Play

Philadelphia Flyers - 1 on 3 Attempt(s) - 33.33%
Arizona Coyotes - 0 on 1 Attempt(s) - 0.00%

Penalty Kill

Philadelphia Flyers - 1 on 1 Attempt(s) - 100.00% - Score 0 goal in Penalty Kill
Arizona Coyotes - 2 on 3 Attempt(s) - 66.67% - Score 0 goal in Penalty Kill

Team Stat

Philadelphia Flyers - Hits : 21 - Faceoff Wins : 28 - Blocked Shots : 13 - Penalty Minutes : 2
Arizona Coyotes - Hits : 25 - Faceoff Wins : 29 - Blocked Shots : 13 - Penalty Minutes : 6

Official

Referees : Ghislain Hebert and Wes McCauley
Linesman : Ryan Galloway and Mark Shewchyk

Game Notes

Brandon Sutter has scored a Hat Trick!
Louis Domingue enters game at 13:09 of 2nd period

Finance

Level 1 -- Attendance: 9675 (96.75%) -- Ticket Income fr. 774'000
Level 2 -- Attendance: 1883 (94.15%) -- Ticket Income fr. 122'395
Level 3 -- Attendance: 2876 (82.17%) -- Ticket Income fr. 100'660
Level 4 -- Attendance: 1367 (94.28%) -- Ticket Income fr. 27'340
Luxury Box -- Attendance: 49 (98.00%) -- Ticket Income fr. 9'800
Game was played at the Gila River Arena.
Total Attendance: 15850 (93.24%)
Total Ticket Income: fr. 1'034'195
Total Income: fr. 1'034'195

Philadelphia Flyers

5 vs 5 Forward 
   Center                   Left Wing                Right Wing               Time % Phy DF OF 
 1 Claude Giroux            Jakub Voracek            Pavel Buchnevich         25     0   1  4  
 2 Sean Couturier           Travis Konecny           Wayne Simmonds           25     0   1  4  
 3 Brandon Sutter           Jordan Weal              Brian Gionta             25     1   3  1  
 4 Nolan Patrick            Jacob de la Rose         Michael Raffl            25     1   4  0  

5 vs 5 Defense 
   Defense                  Defense                                           Time % Phy DF OF 
 1 Ryan McDonagh            Ivan Provorov                                     33     1   2  2  
 2 Zdeno Chara              Brandon Manning                                   33     1   2  2  
 3 Brenden Dillon           Robert Hagg                                       33     1   2  2  
 4 Ryan McDonagh            Ivan Provorov                                     1      1   2  2  

PowerPlay Forward 
   Center                   Left Wing                Right Wing               Time % Phy DF OF 
 1 Sean Couturier           Claude Giroux            Wayne Simmonds           60     0   0  5  
 2 Brandon Sutter           Jakub Voracek            Travis Konecny           40     0   0  5  

PowerPlay Defense
   Defense                  Defense                                           Time % Phy DF OF 
 1 Ivan Provorov            Ryan McDonagh                                     50     0   0  5  
 2 Zdeno Chara              Brandon Manning                                   50     0   0  5  

Penalty Kill 4 Players Forward 
   Center                   Wing                     Time % Phy DF OF 
 1 Sean Couturier           Michael Raffl            50     1   4  0  
 2 Brandon Sutter           Wayne Simmonds           50     1   4  0  

Penalty Kill 4 Players Defense
   Defense                  Defense                  Time % Phy DF OF 
 1 Zdeno Chara              Brenden Dillon           50     1   4  0  
 2 Ryan McDonagh            Ivan Provorov            50     1   4  0  

Penalty Kill - 3 Players Forward 
   Forward                                           Time % Phy DF OF 
 1 Brandon Sutter                                    50     0   5  0  
 2 Sean Couturier                                    50     0   5  0  

Penalty Kill - 3 Players Defense
   Defense                  Defense                  Time % Phy DF OF 
 1 Ivan Provorov            Ryan McDonagh            50     0   5  0  
 2 Zdeno Chara              Brenden Dillon           50     0   5  0  

4 vs 4 Forward 
   Center                   Wing                     Time % Phy DF OF 
 1 Brandon Sutter           Jakub Voracek            50     0   2  3  
 2 Sean Couturier           Pavel Buchnevich         50     0   2  3  

4 vs 4 Defense
   Defense                  Defense                  Time % Phy DF OF 
 1 Ryan McDonagh            Ivan Provorov            50     1   2  2  
 2 Zdeno Chara              Robert Hagg              50     1   2  2  

Last Minutes Offensive
   Center                   Left Wing                Right Wing               Defense                  Defense                  
   Sean Couturier           Claude Giroux            Jakub Voracek            Ivan Provorov            Ryan McDonagh            

Last Minutes Defensive
   Center                   Left Wing                Right Wing               Defense                  Defense                  
   Brandon Sutter           Wayne Simmonds           Jacob de la Rose         Zdeno Chara              Brenden Dillon           

Goaltenders
Starting : Henrik Lundqvist         
Backup : Brian Elliott            

Extra Forwards
Normal : Claude Giroux, Sean Couturier, Wayne Simmonds - PP : Claude Giroux, Jakub Voracek - PK : Brandon Sutter
Extra Defensemen
Normal : Ivan Provorov, Zdeno Chara, Ryan McDonagh - PP : Ivan Provorov - PK : Zdeno Chara, Ryan McDonagh
Penalty Shots
Claude Giroux, Jakub Voracek, Sean Couturier, Wayne Simmonds, Travis Konecny
Custom OT Lines Forwards
Claude Giroux, Sean Couturier, Jakub Voracek, Wayne Simmonds, Travis Konecny, Pavel Buchnevich, Brandon Sutter, Brian Gionta, Michael Raffl, Nolan Patrick
Custom OT Lines Defensemen
Zdeno Chara, Ivan Provorov, Ryan McDonagh, Brenden Dillon, Brandon Manning

Scratches
Mark Borowiecki (Healthy), Alex Lyon (Healthy)

Arizona Coyotes

5 vs 5 Forward 
   Center                   Left Wing                Right Wing               Time % Phy DF OF 
 1 Leon Draisaitl           Max Domi                 Tomas Hertl              30     1   2  2  
 2 Martin Hanzal            Jamie McGinn             Christian Fischer        30     1   2  2  
 3 Dylan Strome             Jordan Martinook         Anthony Duclair          25     1   2  2  
 4 Brad Richardson          Nick Cousins             Peter Holland            15     1   2  2  

5 vs 5 Defense 
   Defense                  Defense                                           Time % Phy DF OF 
 1 Alex Goligoski           Jakob Chychrun                                    30     1   2  2  
 2 Thomas Hickey            Johnny Boychuk                                    30     1   2  2  
 3 Luke Schenn              Adam Clendening                                   25     1   2  2  
 4 Alex Goligoski           Jakob Chychrun                                    15     1   2  2  

PowerPlay Forward 
   Center                   Left Wing                Right Wing               Time % Phy DF OF 
 1 Leon Draisaitl           Tomas Hertl              Max Domi                 50     1   2  2  
 2 Jamie McGinn             Christian Fischer        Martin Hanzal            50     1   2  2  

PowerPlay Defense
   Defense                  Defense                                           Time % Phy DF OF 
 1 Alex Goligoski           Jakob Chychrun                                    50     1   2  2  
 2 Thomas Hickey            Johnny Boychuk                                    50     1   2  2  

Penalty Kill 4 Players Forward 
   Center                   Wing                     Time % Phy DF OF 
 1 Leon Draisaitl           Max Domi                 50     1   2  2  
 2 Anthony Duclair          Brad Richardson          50     1   2  2  

Penalty Kill 4 Players Defense
   Defense                  Defense                  Time % Phy DF OF 
 1 Johnny Boychuk           Alex Goligoski           50     1   2  2  
 2 Luke Schenn              Thomas Hickey            50     1   2  2  

Penalty Kill - 3 Players Forward 
   Forward                                           Time % Phy DF OF 
 1 Tomas Hertl                                       50     1   2  2  
 2 Nick Cousins                                      50     1   2  2  

Penalty Kill - 3 Players Defense
   Defense                  Defense                  Time % Phy DF OF 
 1 Johnny Boychuk           Alex Goligoski           50     1   2  2  
 2 Adam Clendening          Jakob Chychrun           50     1   2  2  

4 vs 4 Forward 
   Center                   Wing                     Time % Phy DF OF 
 1 Tomas Hertl              Leon Draisaitl           50     1   2  2  
 2 Max Domi                 Jordan Martinook         50     1   2  2  

4 vs 4 Defense
   Defense                  Defense                  Time % Phy DF OF 
 1 Alex Goligoski           Johnny Boychuk           50     1   2  2  
 2 Jakob Chychrun           Adam Clendening          50     1   2  2  

Last Minutes Offensive
   Center                   Left Wing                Right Wing               Defense                  Defense                  
   Leon Draisaitl           Tomas Hertl              Max Domi                 Alex Goligoski           Jakob Chychrun           

Last Minutes Defensive
   Center                   Left Wing                Right Wing               Defense                  Defense                  
   Leon Draisaitl           Tomas Hertl              Max Domi                 Alex Goligoski           Johnny Boychuk           

Goaltenders
Starting : Devan Dubnyk             
Backup : Louis Domingue           

Extra Forwards
Normal : Peter Holland, Leon Draisaitl, Tomas Hertl - PP : Max Domi, Christian Fischer - PK : Dylan Strome
Extra Defensemen
Normal : Johnny Boychuk, Alex Goligoski, Thomas Hickey - PP : Johnny Boychuk - PK : Luke Schenn, Alex Goligoski
Penalty Shots
Nick Cousins, Leon Draisaitl, Tomas Hertl, Max Domi, Christian Fischer
Custom OT Lines Forwards
Dylan Strome, Nick Cousins, Leon Draisaitl, Tomas Hertl, Max Domi, Jamie McGinn, Christian Fischer, Martin Hanzal, Anthony Duclair, Brad Richardson
Custom OT Lines Defensemen
Johnny Boychuk, Alex Goligoski, Thomas Hickey, Luke Schenn, Jakob Chychrun

Scratches
Mike Blunden (Healthy), Ryan Sproul (Left Foot Injury), Nicholas Merkley (Healthy)

% Time on Ice - Philadelphia Flyers

Lines # - Real PCT - Wanted PCT - Time Play
Normal Forward
1 - 25% - 25% - 13:40
2 - 26% - 25% - 13:51
3 - 24% - 25% - 12:54
4 - 25% - 25% - 13:17
Normal Defense
1 - 32% - 33% - 17:07
2 - 32% - 33% - 17:17
3 - 36% - 33% - 19:05
4 - 0% - 1% - 0:13
PP Forward
1 - 58% - 60% - 2:30
2 - 42% - 40% - 1:49
PP Defense
1 - 47% - 50% - 2:02
2 - 53% - 50% - 2:17
PK Forward
1 - 49% - 50% - 0:58
2 - 51% - 50% - 1:01
PK Defense
1 - 38% - 50% - 0:45
2 - 62% - 50% - 1:14
PK3 Forward
1 - 0% - 50%
2 - 0% - 50%
PK3 Defense
1 - 0% - 50%
2 - 0% - 50%
44 Forward
1 - 0% - 50%
2 - 0% - 50%
44 Defense
1 - 0% - 50%
2 - 0% - 50%
Last Minute Offensive  - 0:00
Last Minute Defensive  - 0:00
Total
Forward - 60:00
Defense - 60:00

% Time on Ice - Arizona Coyotes

Lines # - Real PCT - Wanted PCT - Time Play
Normal Forward
1 - 29% - 30% - 15:34
2 - 29% - 30% - 15:40
3 - 25% - 25% - 13:16
4 - 17% - 15% - 9:12
Normal Defense
1 - 28% - 30% - 15:10
2 - 32% - 30% - 16:57
3 - 28% - 25% - 15:10
4 - 12% - 15% - 6:25
PP Forward
1 - 53% - 50% - 1:03
2 - 47% - 50% - 0:56
PP Defense
1 - 57% - 50% - 1:08
2 - 43% - 50% - 0:51
PK Forward
1 - 51% - 50% - 2:12
2 - 49% - 50% - 2:07
PK Defense
1 - 61% - 50% - 2:39
2 - 39% - 50% - 1:40
PK3 Forward
1 - 0% - 50%
2 - 0% - 50%
PK3 Defense
1 - 0% - 50%
2 - 0% - 50%
44 Forward
1 - 0% - 50%
2 - 0% - 50%
44 Defense
1 - 0% - 50%
2 - 0% - 50%
Last Minute Offensive  - 0:00
Last Minute Defensive  - 0:00
Total
Forward - 60:00
Defense - 60:00

Play-by-Play

1st period


0:01 of 1st period - Claude Giroux wins face-off versus Leon Draisaitl in neutral zone.
0:12 of 1st period - Wrist shot by Claude Giroux.
0:12 of 1st period - Stopped by Devan Dubnyk with a rebound.
0:14 of 1st period - Slapshot by Ivan Provorov.
0:14 of 1st period - Stopped by Devan Dubnyk with a rebound.
0:16 of 1st period - Slapshot by Ryan McDonagh.
0:16 of 1st period - Deflect By Leon Draisaitl.
0:16 of 1st period - Goal by Ryan McDonagh - Philadelphia Flyers : 1 - Arizona Coyotes : 0.
0:17 of 1st period - Sean Couturier wins face-off versus Martin Hanzal in neutral zone.
0:23 of 1st period - Slapshot by Zdeno Chara.
0:23 of 1st period - Shot Blocked by Thomas Hickey.
0:43 of 1st period - Wrist shot by Nolan Patrick.
0:43 of 1st period - Stopped by Devan Dubnyk without a rebound.
0:44 of 1st period - Nolan Patrick wins face-off versus Dylan Strome in Arizona Coyotes zone.
0:52 of 1st period - Off-side.
0:53 of 1st period - Brandon Sutter wins face-off versus Dylan Strome in neutral zone.
1:17 of 1st period - Peter Holland is hit by Jacob de la Rose and loses puck.
2:05 of 1st period - Snap shot by Sean Couturier.
2:05 of 1st period - Shot Misses the Net.
2:07 of 1st period - Slapshot by Zdeno Chara.
2:07 of 1st period - Shot Blocked by Luke Schenn.
2:25 of 1st period - Martin Hanzal is hit by Brandon Sutter and loses puck.
2:50 of 1st period - Jakob Chychrun is hit by Michael Raffl and loses puck.
3:35 of 1st period - Brad Richardson is hit by Brian Gionta.
4:56 of 1st period - Leon Draisaitl is hit by Jacob de la Rose and loses puck.
5:22 of 1st period - Wrist shot by Anthony Duclair.
5:22 of 1st period - Stopped by Henrik Lundqvist with a rebound.
5:48 of 1st period - Snap shot by Sean Couturier.
5:48 of 1st period - Stopped by Devan Dubnyk without a rebound.
5:49 of 1st period - Brandon Sutter wins face-off versus Leon Draisaitl in Arizona Coyotes zone.
5:58 of 1st period - Snap shot by Jordan Weal.
5:58 of 1st period - Shot Misses the Net.
6:00 of 1st period - Snap shot by Brandon Sutter.
6:00 of 1st period - Shot Blocked by Luke Schenn.
6:02 of 1st period - Snap shot by Brandon Sutter.
6:02 of 1st period - Goal by Brandon Sutter - Philadelphia Flyers : 2 - Arizona Coyotes : 0.
6:03 of 1st period - Martin Hanzal wins face-off versus Nolan Patrick in neutral zone.
6:08 of 1st period - Wrist shot by Christian Fischer.
6:08 of 1st period - Shot Misses the Net.
6:10 of 1st period - Slapshot by Jakob Chychrun.
6:10 of 1st period - Stopped by Henrik Lundqvist with a rebound.
6:12 of 1st period - Slapshot by Alex Goligoski.
6:12 of 1st period - Shot Blocked by Brandon Manning.
6:14 of 1st period - Slapshot by Alex Goligoski.
6:14 of 1st period - Shot Blocked by Zdeno Chara.
6:16 of 1st period - Snap shot by Martin Hanzal.
6:16 of 1st period - Shot Blocked by Michael Raffl.
6:18 of 1st period - Slapshot by Jamie McGinn.
6:18 of 1st period - Shot Blocked by Zdeno Chara.
6:34 of 1st period - Zdeno Chara is hit by Max Domi and loses puck.
7:27 of 1st period - Icing by Jordan Weal.
7:28 of 1st period - Brandon Sutter wins face-off versus Martin Hanzal in Philadelphia Flyers zone.
7:57 of 1st period - Snap shot by Sean Couturier.
7:57 of 1st period - Stopped by Devan Dubnyk without a rebound.
7:58 of 1st period - Leon Draisaitl wins face-off versus Sean Couturier in Arizona Coyotes zone.
8:09 of 1st period - Snap shot by Leon Draisaitl.
8:09 of 1st period - Shot Misses the Net.
8:11 of 1st period - Slapshot by Johnny Boychuk.
8:11 of 1st period - Deflect By Leon Draisaitl.
8:11 of 1st period - Stopped by Henrik Lundqvist with a rebound.
8:23 of 1st period - Brenden Dillon is hit by Tomas Hertl and loses puck.
8:42 of 1st period - Snap shot by Leon Draisaitl.
8:42 of 1st period - Shot Misses the Net.
9:02 of 1st period - Icing by Robert Hagg.
9:03 of 1st period - Martin Hanzal wins face-off versus Sean Couturier in Philadelphia Flyers zone.
10:09 of 1st period - Wrist shot by Wayne Simmonds.
10:09 of 1st period - Stopped by Devan Dubnyk without a rebound.
10:10 of 1st period - Dylan Strome wins face-off versus Claude Giroux in Arizona Coyotes zone.
10:35 of 1st period - Alex Goligoski is hit by Brandon Manning and loses puck.
12:06 of 1st period - Icing by Johnny Boychuk.
12:07 of 1st period - Nolan Patrick wins face-off versus Dylan Strome in Arizona Coyotes zone.
12:14 of 1st period - Wrist shot by Nolan Patrick.
12:14 of 1st period - Shot Misses the Net.
12:32 of 1st period - Johnny Boychuk is hit by Brian Gionta and loses puck.
13:27 of 1st period - Ryan McDonagh is hit by Anthony Duclair.
13:31 of 1st period - Alex Goligoski is hit by Brenden Dillon and loses puck.
14:00 of 1st period - Wrist shot by Jamie McGinn.
14:00 of 1st period - Shot Misses the Net.
14:26 of 1st period - Slapshot by Johnny Boychuk.
14:26 of 1st period - Stopped by Henrik Lundqvist with a rebound.
14:28 of 1st period - Wrist shot by Brad Richardson.
14:28 of 1st period - Shot Blocked by Ivan Provorov.
14:34 of 1st period - Snap shot by Peter Holland.
14:34 of 1st period - Stopped by Henrik Lundqvist without a rebound.
14:35 of 1st period - Sean Couturier wins face-off versus Christian Fischer in Philadelphia Flyers zone.
15:11 of 1st period - Slapshot by Ivan Provorov.
15:11 of 1st period - Shot Blocked by Thomas Hickey.
15:22 of 1st period - Ivan Provorov is hit by Johnny Boychuk and loses puck.
15:27 of 1st period - Snap shot by Michael Raffl.
15:27 of 1st period - Stopped by Devan Dubnyk with a rebound.
15:29 of 1st period - Snap shot by Ivan Provorov.
15:29 of 1st period - Shot Misses the Net.
15:31 of 1st period - Wrist shot by Nolan Patrick.
15:31 of 1st period - Shot Misses the Net.
15:33 of 1st period - Snap shot by Jacob de la Rose.
15:33 of 1st period - Shot Misses the Net.
15:35 of 1st period - Slapshot by Ryan McDonagh.
15:35 of 1st period - Shot Blocked by Leon Draisaitl.
16:32 of 1st period - Minor Penalty to Johnny Boychuk for Hooking.
16:33 of 1st period - Leon Draisaitl wins face-off versus Sean Couturier in Arizona Coyotes zone.
18:32 of 1st period - Penalty to Johnny Boychuk is over, Johnny Boychuk is back on ice.
19:17 of 1st period - Brenden Dillon is hit by Brad Richardson and loses puck.
19:40 of 1st period - Sean Couturier is hit by Jordan Martinook and loses puck.
Goals for this period are 2 for Philadelphia Flyers vs 0 for Arizona Coyotes.
Shots for this period are 9 for Philadelphia Flyers vs 5 for Arizona Coyotes.

2nd period


0:01 of 2nd period - Leon Draisaitl wins face-off versus Pavel Buchnevich in neutral zone.
0:36 of 2nd period - Luke Schenn is hit by Jordan Weal and loses puck.
1:18 of 2nd period - Wrist shot by Nick Cousins.
1:18 of 2nd period - Stopped by Henrik Lundqvist without a rebound.
1:19 of 2nd period - Claude Giroux wins face-off versus Leon Draisaitl in Philadelphia Flyers zone.
1:28 of 2nd period - Wrist shot by Jakub Voracek.
1:28 of 2nd period - Shot Misses the Net.
1:30 of 2nd period - Slapshot by Pavel Buchnevich.
1:30 of 2nd period - Deflect By Jakub Voracek.
1:30 of 2nd period - Stopped by Devan Dubnyk without a rebound.
1:31 of 2nd period - Brandon Sutter wins face-off versus Leon Draisaitl in Arizona Coyotes zone.
1:41 of 2nd period - Snap shot by Jordan Weal.
1:41 of 2nd period - Shot Misses the Net.
1:55 of 2nd period - Zdeno Chara is hit by Jamie McGinn.
2:03 of 2nd period - Snap shot by Martin Hanzal.
2:03 of 2nd period - Stopped by Henrik Lundqvist without a rebound.
2:04 of 2nd period - Nolan Patrick wins face-off versus Jamie McGinn in Philadelphia Flyers zone.
2:26 of 2nd period - Icing by Christian Fischer.
2:27 of 2nd period - Martin Hanzal wins face-off versus Brandon Sutter in Arizona Coyotes zone.
2:27 of 2nd period - Martin Hanzal is hit by Zdeno Chara.
2:33 of 2nd period - Snap shot by Jamie McGinn.
2:33 of 2nd period - Shot Misses the Net.
2:35 of 2nd period - Wrist shot by Jordan Martinook.
2:35 of 2nd period - Goal by Jordan Martinook - Philadelphia Flyers : 2 - Arizona Coyotes : 1.
2:36 of 2nd period - Claude Giroux wins face-off versus Leon Draisaitl in neutral zone.
2:48 of 2nd period - Wrist shot by Leon Draisaitl.
2:48 of 2nd period - Shot Misses the Net.
2:50 of 2nd period - Slapshot by Jakob Chychrun.
2:50 of 2nd period - Stopped by Henrik Lundqvist with a rebound.
2:52 of 2nd period - Snap shot by Leon Draisaitl.
2:52 of 2nd period - Stopped by Henrik Lundqvist without a rebound.
2:53 of 2nd period - Dylan Strome wins face-off versus Nolan Patrick in Philadelphia Flyers zone.
3:20 of 2nd period - Jakob Chychrun is hit by Robert Hagg.
3:40 of 2nd period - Icing by Jamie McGinn.
3:41 of 2nd period - Claude Giroux wins face-off versus Martin Hanzal in Arizona Coyotes zone.
3:52 of 2nd period - Snap shot by Christian Fischer.
3:52 of 2nd period - Shot Misses the Net.
3:59 of 2nd period - Slapshot by Luke Schenn.
3:59 of 2nd period - Shot Blocked by Pavel Buchnevich.
4:03 of 2nd period - Slapshot by Jamie McGinn.
4:03 of 2nd period - Shot Misses the Net.
4:05 of 2nd period - Snap shot by Luke Schenn.
4:05 of 2nd period - Deflect By Christian Fischer.
4:05 of 2nd period - Stopped by Henrik Lundqvist with a rebound.
4:07 of 2nd period - Wrist shot by Luke Schenn.
4:07 of 2nd period - Stopped by Henrik Lundqvist without a rebound.
4:08 of 2nd period - Sean Couturier wins face-off versus Leon Draisaitl in Philadelphia Flyers zone.
4:13 of 2nd period - Slapshot by Ivan Provorov.
4:13 of 2nd period - Stopped by Devan Dubnyk with a rebound.
4:35 of 2nd period - Alex Goligoski is hit by Ryan McDonagh.
4:39 of 2nd period - Slapshot by Brandon Sutter.
4:39 of 2nd period - Deflect By Jordan Weal.
4:39 of 2nd period - Shot Blocked by Jakob Chychrun.
4:39 of 2nd period - Puck is out of play.
4:40 of 2nd period - Brandon Sutter wins face-off versus Dylan Strome in Arizona Coyotes zone.
4:49 of 2nd period - Wrist shot by Jordan Weal.
4:49 of 2nd period - Shot Blocked by Thomas Hickey.
4:55 of 2nd period - Snap shot by Anthony Duclair.
4:55 of 2nd period - Goal by Anthony Duclair - Philadelphia Flyers : 2 - Arizona Coyotes : 2.
4:56 of 2nd period - Nolan Patrick wins face-off versus Leon Draisaitl in neutral zone.
5:21 of 2nd period - Jacob de la Rose is hit by Christian Fischer and loses puck.
5:42 of 2nd period - Thomas Hickey is hit by Brenden Dillon.
6:25 of 2nd period - Jordan Weal is hit by Jamie McGinn and loses puck.
7:20 of 2nd period - Slapshot by Leon Draisaitl.
7:20 of 2nd period - Shot Misses the Net.
7:30 of 2nd period - Wrist shot by Jamie McGinn.
7:30 of 2nd period - Stopped by Henrik Lundqvist without a rebound.
7:31 of 2nd period - Martin Hanzal wins face-off versus Jacob de la Rose in Philadelphia Flyers zone.
7:56 of 2nd period - Snap shot by Max Domi.
7:56 of 2nd period - Shot Blocked by Robert Hagg.
8:08 of 2nd period - Max Domi is hit by Brenden Dillon and loses puck.
8:23 of 2nd period - Snap shot by Anthony Duclair.
8:23 of 2nd period - Shot Misses the Net.
8:41 of 2nd period - Sean Couturier is hit by Christian Fischer.
8:45 of 2nd period - Snap shot by Martin Hanzal.
8:45 of 2nd period - Stopped by Henrik Lundqvist with a rebound.
8:49 of 2nd period - Snap shot by Christian Fischer.
8:49 of 2nd period - Shot Misses the Net.
8:51 of 2nd period - Wrist shot by Jamie McGinn.
8:51 of 2nd period - Stopped by Henrik Lundqvist with a rebound.
9:03 of 2nd period - Snap shot by Brad Richardson.
9:03 of 2nd period - Stopped by Henrik Lundqvist with a rebound.
9:05 of 2nd period - Snap shot by Nick Cousins.
9:05 of 2nd period - Stopped by Henrik Lundqvist with a rebound.
9:07 of 2nd period - Snap shot by Nick Cousins.
9:07 of 2nd period - Deflect By Peter Holland.
9:07 of 2nd period - Shot Misses the Net.
9:07 of 2nd period - Puck is out of play.
9:08 of 2nd period - Leon Draisaitl wins face-off versus Brandon Sutter in Philadelphia Flyers zone.
9:13 of 2nd period - Wrist shot by Tomas Hertl.
9:13 of 2nd period - Stopped by Henrik Lundqvist with a rebound.
9:35 of 2nd period - Anthony Duclair is hit by Michael Raffl.
9:39 of 2nd period - Snap shot by Jordan Martinook.
9:39 of 2nd period - Stopped by Henrik Lundqvist without a rebound.
9:40 of 2nd period - Dylan Strome wins face-off versus Nolan Patrick in Philadelphia Flyers zone.
10:15 of 2nd period - Snap shot by Leon Draisaitl.
10:15 of 2nd period - Shot Blocked by Zdeno Chara.
10:32 of 2nd period - Snap shot by Jamie McGinn.
10:32 of 2nd period - Stopped by Henrik Lundqvist with a rebound.
10:48 of 2nd period - Jordan Weal is hit by Johnny Boychuk and loses puck.
11:09 of 2nd period - Luke Schenn is hit by Travis Konecny and loses puck.
11:56 of 2nd period - Snap shot by Christian Fischer.
11:56 of 2nd period - Stopped by Henrik Lundqvist with a rebound.
11:58 of 2nd period - Slapshot by Christian Fischer.
11:58 of 2nd period - Shot Misses the Net.
12:10 of 2nd period - Snap shot by Tomas Hertl.
12:10 of 2nd period - Stopped by Henrik Lundqvist with a rebound.
12:16 of 2nd period - Slapshot by Brandon Sutter.
12:16 of 2nd period - Goal by Brandon Sutter - Philadelphia Flyers : 3 - Arizona Coyotes : 2.
12:17 of 2nd period - Claude Giroux wins face-off versus Dylan Strome in neutral zone.
12:44 of 2nd period - Nolan Patrick is hit by Martin Hanzal and loses puck.
13:09 of 2nd period - Slapshot by Brandon Sutter.
13:09 of 2nd period - Goal by Brandon Sutter - Philadelphia Flyers : 4 - Arizona Coyotes : 2.
13:09 of 2nd period - Louis Domingue enters game.
13:10 of 2nd period - Martin Hanzal wins face-off versus Wayne Simmonds in neutral zone.
13:19 of 2nd period - Snap shot by Jamie McGinn.
13:19 of 2nd period - Stopped by Henrik Lundqvist without a rebound.
13:20 of 2nd period - Martin Hanzal wins face-off versus Sean Couturier in Philadelphia Flyers zone.
13:53 of 2nd period - Wrist shot by Travis Konecny.
13:53 of 2nd period - Stopped by Louis Domingue without a rebound.
13:54 of 2nd period - Jakub Voracek wins face-off versus Dylan Strome in Arizona Coyotes zone.
13:59 of 2nd period - Wrist shot by Jakub Voracek.
13:59 of 2nd period - Shot Misses the Net.
14:01 of 2nd period - Snap shot by Pavel Buchnevich.
14:01 of 2nd period - Deflect By Jakub Voracek.
14:01 of 2nd period - Shot Misses the Net.
14:01 of 2nd period - Puck is out of play.
14:02 of 2nd period - Dylan Strome wins face-off versus Claude Giroux in Arizona Coyotes zone.
14:51 of 2nd period - Snap shot by Jacob de la Rose.
14:51 of 2nd period - Stopped by Louis Domingue with a rebound.
14:53 of 2nd period - Slapshot by Brenden Dillon.
14:53 of 2nd period - Deflect By Brandon Sutter.
14:53 of 2nd period - Shot Misses the Net.
14:53 of 2nd period - Puck is out of play.
14:54 of 2nd period - Martin Hanzal wins face-off versus Brandon Sutter in Arizona Coyotes zone.
15:01 of 2nd period - Slapshot by Jordan Weal.
15:01 of 2nd period - Shot Blocked by Christian Fischer.
15:03 of 2nd period - Wrist shot by Jordan Weal.
15:03 of 2nd period - Deflect By Brandon Sutter.
15:03 of 2nd period - Stopped by Louis Domingue without a rebound.
15:04 of 2nd period - Leon Draisaitl wins face-off versus Pavel Buchnevich in Arizona Coyotes zone.
15:13 of 2nd period - Slapshot by Alex Goligoski.
15:13 of 2nd period - Deflect By Tomas Hertl.
15:13 of 2nd period - Shot Blocked by Jakub Voracek.
15:13 of 2nd period - Puck is out of play.
15:14 of 2nd period - Leon Draisaitl wins face-off versus Claude Giroux in Philadelphia Flyers zone.
15:31 of 2nd period - Icing by Jakub Voracek.
15:32 of 2nd period - Dylan Strome wins face-off versus Claude Giroux in Philadelphia Flyers zone.
15:45 of 2nd period - Slapshot by Anthony Duclair.
15:45 of 2nd period - Shot Misses the Net.
15:55 of 2nd period - Snap shot by Jakub Voracek.
15:55 of 2nd period - Shot Misses the Net.
16:09 of 2nd period - Snap shot by Claude Giroux.
16:09 of 2nd period - Deflect By Pavel Buchnevich.
16:09 of 2nd period - Shot Misses the Net.
16:09 of 2nd period - Puck is out of play.
16:10 of 2nd period - Dylan Strome wins face-off versus Nolan Patrick in Arizona Coyotes zone.
16:10 of 2nd period - Dylan Strome is hit by Nolan Patrick.
16:20 of 2nd period - Snap shot by Nolan Patrick.
16:20 of 2nd period - Shot Misses the Net.
16:22 of 2nd period - Snap shot by Nolan Patrick.
16:22 of 2nd period - Shot Blocked by Alex Goligoski.
16:24 of 2nd period - Slapshot by Jacob de la Rose.
16:24 of 2nd period - Stopped by Louis Domingue without a rebound.
16:25 of 2nd period - Martin Hanzal wins face-off versus Sean Couturier in Arizona Coyotes zone.
16:40 of 2nd period - Wrist shot by Christian Fischer.
16:40 of 2nd period - Shot Misses the Net.
16:57 of 2nd period - Slapshot by Michael Raffl.
16:57 of 2nd period - Shot Misses the Net.
16:59 of 2nd period - Snap shot by Jacob de la Rose.
16:59 of 2nd period - Shot Misses the Net.
17:28 of 2nd period - Slapshot by Johnny Boychuk.
17:28 of 2nd period - Shot Misses the Net.
17:30 of 2nd period - Snap shot by Brad Richardson.
17:30 of 2nd period - Stopped by Henrik Lundqvist with a rebound.
17:34 of 2nd period - Wrist shot by Brad Richardson.
17:34 of 2nd period - Stopped by Henrik Lundqvist with a rebound.
17:52 of 2nd period - Wrist shot by Jamie McGinn.
17:52 of 2nd period - Stopped by Henrik Lundqvist with a rebound.
17:54 of 2nd period - Snap shot by Jamie McGinn.
17:54 of 2nd period - Shot Misses the Net.
17:56 of 2nd period - Snap shot by Martin Hanzal.
17:56 of 2nd period - Shot Misses the Net.
18:06 of 2nd period - Wayne Simmonds is hit by Anthony Duclair and loses puck.
19:09 of 2nd period - Wrist shot by Anthony Duclair.
19:09 of 2nd period - Stopped by Henrik Lundqvist with a rebound.
19:11 of 2nd period - Snap shot by Jordan Martinook.
19:11 of 2nd period - Stopped by Henrik Lundqvist without a rebound.
19:12 of 2nd period - Dylan Strome wins face-off versus Nolan Patrick in Philadelphia Flyers zone.
19:55 of 2nd period - Snap shot by Jordan Martinook.
19:55 of 2nd period - Stopped by Henrik Lundqvist with a rebound.
19:57 of 2nd period - Slapshot by Anthony Duclair.
19:57 of 2nd period - Shot Misses the Net.
19:59 of 2nd period - Slapshot by Alex Goligoski.
19:59 of 2nd period - Shot Blocked by Jacob de la Rose.
Goals for this period are 2 for Philadelphia Flyers vs 2 for Arizona Coyotes.
Shots for this period are 8 for Philadelphia Flyers vs 25 for Arizona Coyotes.

3rd period


0:01 of 3rd period - Martin Hanzal wins face-off versus Sean Couturier in neutral zone.
0:32 of 3rd period - Snap shot by Max Domi.
0:32 of 3rd period - Deflect By Leon Draisaitl.
0:32 of 3rd period - Shot Blocked by Brian Gionta.
0:32 of 3rd period - Puck is out of play.
0:33 of 3rd period - Claude Giroux wins face-off versus Leon Draisaitl in Philadelphia Flyers zone.
0:33 of 3rd period - Claude Giroux is hit by Johnny Boychuk.
0:38 of 3rd period - Icing by Claude Giroux.
0:39 of 3rd period - Claude Giroux wins face-off versus Leon Draisaitl in Philadelphia Flyers zone.
1:08 of 3rd period - Wrist shot by Sean Couturier.
1:08 of 3rd period - Stopped by Louis Domingue with a rebound.
1:36 of 3rd period - Brandon Sutter is hit by Anthony Duclair and loses puck.
2:31 of 3rd period - Jacob de la Rose is hit by Jamie McGinn and loses puck.
2:46 of 3rd period - Robert Hagg is hit by Alex Goligoski.
2:52 of 3rd period - Travis Konecny is hit by Anthony Duclair and loses puck.
3:29 of 3rd period - Adam Clendening is hit by Jacob de la Rose and loses puck.
3:48 of 3rd period - Snap shot by Sean Couturier.
3:48 of 3rd period - Shot Blocked by Christian Fischer.
3:50 of 3rd period - Slapshot by Sean Couturier.
3:50 of 3rd period - Deflect By Wayne Simmonds.
3:50 of 3rd period - Stopped by Louis Domingue with a rebound.
5:05 of 3rd period - Johnny Boychuk is hit by Zdeno Chara and loses puck.
5:45 of 3rd period - Wrist shot by Nick Cousins.
5:45 of 3rd period - Shot Misses the Net.
6:10 of 3rd period - Snap shot by Wayne Simmonds.
6:10 of 3rd period - Stopped by Louis Domingue without a rebound.
6:11 of 3rd period - Sean Couturier wins face-off versus Leon Draisaitl in Arizona Coyotes zone.
6:38 of 3rd period - Snap shot by Wayne Simmonds.
6:38 of 3rd period - Shot Blocked by Alex Goligoski.
6:40 of 3rd period - Slapshot by Wayne Simmonds.
6:40 of 3rd period - Goal by Wayne Simmonds - Philadelphia Flyers : 5 - Arizona Coyotes : 2.
6:41 of 3rd period - Nolan Patrick wins face-off versus Martin Hanzal in neutral zone.
7:23 of 3rd period - Icing by Jakub Voracek.
7:24 of 3rd period - Brandon Sutter wins face-off versus Dylan Strome in Philadelphia Flyers zone.
7:28 of 3rd period - Off-side.
7:29 of 3rd period - Martin Hanzal wins face-off versus Brandon Sutter in neutral zone.
7:29 of 3rd period - Jakob Chychrun is hit by Jordan Weal and loses puck.
7:54 of 3rd period - Slapshot by Nolan Patrick.
7:54 of 3rd period - Stopped by Louis Domingue without a rebound.
7:55 of 3rd period - Leon Draisaitl wins face-off versus Nolan Patrick in Arizona Coyotes zone.
8:36 of 3rd period - Slapshot by Brandon Manning.
8:36 of 3rd period - Deflect By Brad Richardson.
8:36 of 3rd period - Stopped by Louis Domingue without a rebound.
8:37 of 3rd period - Martin Hanzal wins face-off versus Claude Giroux in Arizona Coyotes zone.
8:43 of 3rd period - Snap shot by Jakub Voracek.
8:43 of 3rd period - Stopped by Louis Domingue without a rebound.
8:44 of 3rd period - Martin Hanzal wins face-off versus Claude Giroux in Arizona Coyotes zone.
9:53 of 3rd period - Wrist shot by Peter Holland.
9:53 of 3rd period - Shot Blocked by Jacob de la Rose.
9:55 of 3rd period - Slapshot by Jakob Chychrun.
9:55 of 3rd period - Stopped by Henrik Lundqvist with a rebound.
9:57 of 3rd period - Snap shot by Alex Goligoski.
9:57 of 3rd period - Shot Misses the Net.
10:11 of 3rd period - Ryan McDonagh is hit by Martin Hanzal and loses puck.
10:54 of 3rd period - Slapshot by Sean Couturier.
10:54 of 3rd period - Stopped by Louis Domingue with a rebound.
10:56 of 3rd period - Slapshot by Brandon Manning.
10:56 of 3rd period - Shot Blocked by Adam Clendening.
11:44 of 3rd period - Snap shot by Max Domi.
11:44 of 3rd period - Stopped by Henrik Lundqvist with a rebound.
11:54 of 3rd period - Minor Penalty to Tomas Hertl for Hooking.
11:55 of 3rd period - Leon Draisaitl wins face-off versus Sean Couturier in Arizona Coyotes zone.
12:01 of 3rd period - Icing by Wayne Simmonds.
12:02 of 3rd period - Sean Couturier wins face-off versus Leon Draisaitl in Philadelphia Flyers zone.
12:09 of 3rd period - Slapshot by Sean Couturier.
12:09 of 3rd period - Shot Blocked by Leon Draisaitl.
12:11 of 3rd period - Backhand shot by Ryan McDonagh.
12:11 of 3rd period - Shot Misses the Net.
12:13 of 3rd period - Slapshot by Ivan Provorov.
12:13 of 3rd period - Shot Misses the Net.
12:15 of 3rd period - Slapshot by Ryan McDonagh.
12:15 of 3rd period - Goal by Ryan McDonagh - Philadelphia Flyers : 6 - Arizona Coyotes : 2.
12:16 of 3rd period - Sean Couturier wins face-off versus Jamie McGinn in neutral zone.
12:43 of 3rd period - Brandon Manning is hit by Max Domi and loses puck.
13:02 of 3rd period - Minor Penalty to Zdeno Chara for Interference.
13:03 of 3rd period - Sean Couturier wins face-off versus Leon Draisaitl in Philadelphia Flyers zone.
13:29 of 3rd period - Sean Couturier is hit by Martin Hanzal and loses puck.
13:34 of 3rd period - Snap shot by Christian Fischer.
13:34 of 3rd period - Shot Misses the Net.
13:36 of 3rd period - Snap shot by Jamie McGinn.
13:36 of 3rd period - Shot Misses the Net.
13:38 of 3rd period - Slapshot by Christian Fischer.
13:38 of 3rd period - Stopped by Henrik Lundqvist without a rebound.
13:39 of 3rd period - Leon Draisaitl wins face-off versus Brandon Sutter in Philadelphia Flyers zone.
15:02 of 3rd period - Penalty to Zdeno Chara is over, Zdeno Chara is back on ice.
15:06 of 3rd period - Brandon Manning is hit by Jamie McGinn and loses puck.
15:22 of 3rd period - Minor Penalty to Dylan Strome for Delaying the game.
15:23 of 3rd period - Sean Couturier wins face-off versus Anthony Duclair in Arizona Coyotes zone.
16:06 of 3rd period - Sean Couturier is hit by Leon Draisaitl and loses puck.
17:22 of 3rd period - Penalty to Dylan Strome is over, Dylan Strome is back on ice.
17:33 of 3rd period - Snap shot by Jamie McGinn.
17:33 of 3rd period - Deflect By Nolan Patrick.
17:33 of 3rd period - Shot Blocked by Nolan Patrick.
17:33 of 3rd period - Puck is out of play.
17:34 of 3rd period - Nolan Patrick wins face-off versus Martin Hanzal in Philadelphia Flyers zone.
17:34 of 3rd period - Nolan Patrick is hit by Jamie McGinn.
17:44 of 3rd period - Snap shot by Michael Raffl.
17:44 of 3rd period - Stopped by Louis Domingue without a rebound.
17:45 of 3rd period - Leon Draisaitl wins face-off versus Nolan Patrick in Arizona Coyotes zone.
17:58 of 3rd period - Snap shot by Leon Draisaitl.
17:58 of 3rd period - Shot Misses the Net.
18:10 of 3rd period - Alex Goligoski is hit by Jordan Weal and loses puck.
19:08 of 3rd period - Brenden Dillon is hit by Nick Cousins and loses puck.
Goals for this period are 2 for Philadelphia Flyers vs 0 for Arizona Coyotes.
Shots for this period are 10 for Philadelphia Flyers vs 3 for Arizona Coyotes.